TOP OF THE 1ST |
Detroit Renaissance batting - Pitching for Philadelphia 1776 BC : RHP Cory Sanders
|
Pitching: RHP Cory Sanders
|
|
Batting: RHB Kenneth Noid
|
0-0: Ground out 5-3 (Groundball, 56)
|
Batting: RHB Juan Cabrera
|
0-0: Called Strike 0-1: Ball 1-1: Ground out 6-3 (Groundball, 6)
|
Batting: LHB Yoichibei Sato
|
0-0: Ground out 4-3 (Groundball, 4)
|
Top of the 1st over - 0 runs, 0 hits, 0 errors, 0 left on base; Detroit 0 - Philadelphia 1776 0 |
BOTTOM OF THE 1ST |
Philadelphia 1776 BC batting - Pitching for Detroit Renaissance : RHP Ryan Bentley
|
Pitching: RHP Ryan Bentley
|
|
Batting: LHB Tony Vega
|
0-0: Ball 1-0: SINGLE (Groundball, 4MS) (infield hit)
|
Batting: LHB Cliff Aldridge
|
0-0: Ball Tony Vega steals 2nd base 1-0: Swinging Strike 1-1: Ball 2-1: Called Strike 2-2: Ground out 4-3 (Groundball, 4) Tony Vega to third
|
Batting: LHB Manoo Satyavrat
|
0-0: Called Strike 0-1: Reached on error, E5 (Groundball, 5) Tony Vega scores
|
Batting: LHB José Rodríguez
|
0-0: Ball Manoo Satyavrat steals 2nd base 1-0: Ball 2-0: Foul Ball, location: 2F 2-1: Ball 3-1: SINGLE (Groundball, 34D) Manoo Satyavrat to third Runner from 3rd tries for Home, SAFE, no throw
|
Batting: RHB António Granados
|
0-0: Ball 1-0: Foul Ball, location: 2F 1-1: Fly out, F4 (Line Drive, 4)
|
Batting: RHB John Schnatter
|
0-0: Ball José Rodríguez is caught stealing 2nd base
|
Bottom of the 1st over - 2 runs, 2 hits, 1 error, 0 left on base; Detroit 0 - Philadelphia 1776 2 |
TOP OF THE 2ND |
Detroit Renaissance batting - Pitching for Philadelphia 1776 BC : RHP Cory Sanders
|
Batting: LHB Bartolo Benítez
|
0-0: Ball 1-0: SINGLE (Flyball, 7LM)
|
Batting: RHB Cole Shaffer
|
0-0: Ball 1-0: Ball 2-0: Ball 3-0: Called Strike 3-1: Called Strike 3-2: Fly out, F7 (Flyball, 7D)
|
Batting: LHB Eric Thackston
|
0-0: Ball 1-0: Ball 2-0: Foul Ball, location: 2F 2-1: Foul Ball, location: 2F 2-2: Ball 3-2: Base on Balls Bartolo Benítez to second
|
Batting: RHB António Padilla
|
0-0: Swinging Strike 0-1: Called Strike 0-2: Ball 1-2: Grounds into double play, 6-4-3 (Groundball, 6)
|
Top of the 2nd over - 0 runs, 1 hit, 0 errors, 1 left on base; Detroit 0 - Philadelphia 1776 2 |
BOTTOM OF THE 2ND |
Philadelphia 1776 BC batting - Pitching for Detroit Renaissance : RHP Ryan Bentley
|
Batting: RHB John Schnatter
|
0-0: Called Strike 0-1: Foul Ball, location: 2F 0-2: Ball 1-2: SINGLE (Groundball, 56D)
|
Batting: RHB Patrizio Vanali
|
0-0: Ball 1-0: Ball 2-0: Foul Ball, location: 2F 2-1: Called Strike 2-2: Ball 3-2: Foul Ball, location: 2F 3-2: Fielders Choice at 2nd, 6-4 (Groundball, 6)
|
Batting: SHB Jesús Cabañe
|
0-0: Ball 1-0: Foul Ball, location: 2F 1-1: Ball 2-1: Swinging Strike 2-2: SINGLE (Flyball, 89M) Patrizio Vanali to second Runner from 2nd tries for 3rd, SAFE, no throw
|
Batting: RHB Fernando Rivera
|
0-0: Foul Ball, location: 2F 0-1: Swinging Strike 0-2: Ball 1-2: Ball 2-2: Foul Ball, location: 2F 2-2: Ball 3-2: Ground out 6-3 (Groundball, 6) Patrizio Vanali scores Jesús Cabañe to second
|
Batting: LHB Tony Vega
|
0-0: Called Strike 0-1: Ball 1-1: Foul Ball, location: 2F 1-2: Foul Ball, location: 2F 1-2: Fly out, F7 (Flyball, 78M)
|
Bottom of the 2nd over - 1 run, 2 hits, 0 errors, 1 left on base; Detroit 0 - Philadelphia 1776 3 |
TOP OF THE 3RD |
Detroit Renaissance batting - Pitching for Philadelphia 1776 BC : RHP Cory Sanders
|
Batting: LHB Ye Der
|
0-0: Ground out U3 (Groundball, 3L)
|
Batting: RHB Thomas Vaughan
|
0-0: Ball 1-0: Ball 2-0: Swinging Strike 2-1: SINGLE (Line Drive, 6)
|
Batting: RHB Kenneth Noid
|
0-0: Ball 1-0: Called Strike 1-1: Fly out, F3 (Popup, 3S)
|
Batting: RHB Juan Cabrera
|
0-0: Ball 1-0: Foul Ball, location: 2F 1-1: Ball 2-1: Fielders Choice at 2nd, 6-4 (Groundball, 6)
|
Top of the 3rd over - 0 runs, 1 hit, 0 errors, 1 left on base; Detroit 0 - Philadelphia 1776 3 |
BOTTOM OF THE 3RD |
Philadelphia 1776 BC batting - Pitching for Detroit Renaissance : RHP Ryan Bentley
|
Batting: LHB Cliff Aldridge
|
0-0: Ball 1-0: Foul Ball, location: 2F 1-1: Called Strike 1-2: Strikes out swinging
|
Batting: LHB Manoo Satyavrat
|
0-0: Ball 1-0: Ball 2-0: Called Strike 2-1: Foul Ball, location: 2F 2-2: Ball 3-2: Fly out, F7 (Flyball, 7S)
|
Batting: LHB José Rodríguez
|
0-0: Ball 1-0: Called Strike 1-1: Foul Ball, location: 2F 1-2: Ball 2-2: SINGLE (Flyball, 8RM)
|
Batting: RHB António Granados
|
0-0: Ball 1-0: Ball 2-0: Swinging Strike 2-1: Swinging Strike 2-2: Ball 3-2: Base on Balls José Rodríguez to second
|
Batting: RHB John Schnatter
|
0-0: Ball 1-0: Foul Ball, location: 2F 1-1: Foul Ball, location: 2F 1-2: Ball 2-2: Ground out 3-1 (Groundball, 34S)
|
Bottom of the 3rd over - 0 runs, 1 hit, 0 errors, 2 left on base; Detroit 0 - Philadelphia 1776 3 |
TOP OF THE 4TH |
Detroit Renaissance batting - Pitching for Philadelphia 1776 BC : RHP Cory Sanders
|
Batting: LHB Yoichibei Sato
|
0-0: Ball 1-0: Ball 2-0: SINGLE (Line Drive, 78S)
|
Batting: LHB Bartolo Benítez
|
0-0: Called Strike 0-1: Ball 1-1: Ball 2-1: Swinging Strike 2-2: Ball 3-2: Strikes out swinging Yoichibei Sato is caught stealing 2nd base Batter strikes out.
|
Batting: RHB Cole Shaffer
|
0-0: Called Strike 0-1: Ball 1-1: Ball 2-1: Foul Ball, location: 2F 2-2: Ball 3-2: Strikes out swinging
|
Top of the 4th over - 0 runs, 1 hit, 0 errors, 0 left on base; Detroit 0 - Philadelphia 1776 3 |
BOTTOM OF THE 4TH |
Philadelphia 1776 BC batting - Pitching for Detroit Renaissance : RHP Ryan Bentley
|
Batting: RHB Patrizio Vanali
|
0-0: Ball 1-0: Ball 2-0: TRIPLE (Line Drive, 7D)
|
Batting: SHB Jesús Cabañe
|
0-0: Ball 1-0: Swinging Strike 1-1: Ball 2-1: Ground out U3 (Groundball, 3)
|
Batting: RHB Fernando Rivera
|
0-0: Ball 1-0: Fly out, F9 (Flyball, 89S) Runner from 3rd tags up, SCORES, no throw
|
Batting: LHB Tony Vega
|
0-0: Foul Ball, location: 2F 0-1: Ball 1-1: Swinging Strike 1-2: Ground out 2-3 (Groundball, 2L)
|
Bottom of the 4th over - 1 run, 1 hit, 0 errors, 0 left on base; Detroit 0 - Philadelphia 1776 4 |
TOP OF THE 5TH |
Detroit Renaissance batting - Pitching for Philadelphia 1776 BC : RHP Cory Sanders
|
Batting: LHB Eric Thackston
|
0-0: Swinging Strike 0-1: Swinging Strike 0-2: Foul Ball, location: 2F 0-2: Ball 1-2: Foul Ball, location: 2F 1-2: Strikes out swinging
|
Batting: RHB António Padilla
|
0-0: Ball 1-0: Foul Ball, location: 2F 1-1: Ball 2-1: Called Strike 2-2: Ball 3-2: Strikes out swinging
|
Batting: LHB Ye Der
|
0-0: Hit by Pitch
|
Batting: RHB Thomas Vaughan
|
0-0: Ball 1-0: Called Strike 1-1: Swinging Strike 1-2: Strikes out swinging
|
Top of the 5th over - 0 runs, 0 hits, 0 errors, 1 left on base; Detroit 0 - Philadelphia 1776 4 |
BOTTOM OF THE 5TH |
Philadelphia 1776 BC batting - Pitching for Detroit Renaissance : RHP Ryan Bentley
|
Batting: LHB Cliff Aldridge
|
0-0: Ball 1-0: Called Strike 1-1: Swinging Strike 1-2: Fly out, F2 (Popup, 25F)
|
Batting: LHB Manoo Satyavrat
|
0-0: Swinging Strike 0-1: Ball 1-1: Foul Ball, location: 2F 1-2: Fly out, F6 (Popup, 6MS)
|
Batting: LHB José Rodríguez
|
0-0: Swinging Strike 0-1: Ball 1-1: Foul Ball, location: 2F 1-2: Ground out 6-3 (Groundball, 6)
|
Bottom of the 5th over - 0 runs, 0 hits, 0 errors, 0 left on base; Detroit 0 - Philadelphia 1776 4 |
TOP OF THE 6TH |
Detroit Renaissance batting - Pitching for Philadelphia 1776 BC : RHP Cory Sanders
|
Batting: RHB Kenneth Noid
|
0-0: Ball 1-0: Called Strike 1-1: Ball 2-1: Called Strike 2-2: Foul Ball, location: 2F 2-2: Strikes out swinging
|
Batting: RHB Juan Cabrera
|
0-0: Ball 1-0: SINGLE (Groundball, 6) (infield hit)
|
Batting: LHB Yoichibei Sato
|
0-0: Fly out, F7 (Flyball, 7D)
|
Batting: LHB Bartolo Benítez
|
0-0: Called Strike 0-1: Ball 1-1: Swinging Strike 1-2: Ball 2-2: Ball 3-2: SINGLE (Line Drive, 78S) Juan Cabrera to second Juan Cabrera to third
|
Batting: RHB Cole Shaffer
|
0-0: Ball 1-0: Ball 2-0: Ground out 4-3 (Groundball, 4)
|
Top of the 6th over - 0 runs, 2 hits, 0 errors, 2 left on base; Detroit 0 - Philadelphia 1776 4 |
BOTTOM OF THE 6TH |
Philadelphia 1776 BC batting - Pitching for Detroit Renaissance : RHP Ryan Bentley
|
Batting: RHB António Granados
|
0-0: Ball 1-0: Ball 2-0: Ball 3-0: Called Strike 3-1: Fly out, F3 (Popup, 3)
|
Batting: RHB John Schnatter
|
0-0: Called Strike 0-1: SINGLE (Line Drive, 9S)
|
Batting: RHB Patrizio Vanali
|
0-0: Ball 1-0: Foul Ball, location: 2F 1-1: Swinging Strike 1-2: Grounds into double play, 6-4-3 (Groundball, 6)
|
Bottom of the 6th over - 0 runs, 1 hit, 0 errors, 0 left on base; Detroit 0 - Philadelphia 1776 4 |
TOP OF THE 7TH |
Detroit Renaissance batting - Pitching for Philadelphia 1776 BC : RHP Cory Sanders
|
Batting: LHB Eric Thackston
|
0-0: Foul Ball, location: 2F 0-1: Fly out, F8 (Flyball, 8LM)
|
Batting: RHB António Padilla
|
0-0: Fly out, F8 (Flyball, 78M)
|
Batting: LHB Ye Der
|
0-0: Ball 1-0: Ball 2-0: Ball 3-0: Called Strike 3-1: Base on Balls
|
Batting: RHB Thomas Vaughan
|
0-0: Swinging Strike 0-1: Foul Ball, location: 2F 0-2: Ball 1-2: Ball 2-2: Fly out, F8 (Flyball, 8LD)
|
Top of the 7th over - 0 runs, 0 hits, 0 errors, 1 left on base; Detroit 0 - Philadelphia 1776 4 |
BOTTOM OF THE 7TH |
Philadelphia 1776 BC batting - Pitching for Detroit Renaissance : RHP Ryan Bentley
|
Batting: SHB Jesús Cabañe
|
0-0: Foul Ball, location: 2F 0-1: Ball 1-1: Swinging Strike 1-2: SINGLE (Groundball, 34S) (infield hit)
|
Batting: RHB Fernando Rivera
|
0-0: Ball 1-0: Ball 2-0: Called Strike 2-1: Ball 3-1: Foul Ball, location: 2F 3-2: Base on Balls Jesús Cabañe to second
|
Pitching: LHP Rubén Rodríguez
|
|
Batting: LHB Tony Vega
|
0-0: Ball 1-0: Ball 2-0: Grounds into double play, 4-6-3 (Groundball, 4) Jesús Cabañe to third
|
Batting: LHB Cliff Aldridge
|
0-0: Called Strike 0-1: Ball 1-1: Ball 2-1: SINGLE (Groundball, 56S) (infield hit) Jesús Cabañe scores
|
Batting: LHB Manoo Satyavrat
|
0-0: Ball 1-0: Called Strike 1-1: Foul Ball, location: 2F 1-2: Ball Wild Pitch! Cliff Aldridge to second 2-2: Ball 3-2: Base on Balls
|
Batting: LHB José Rodríguez
|
0-0: Called Strike 0-1: Called Strike 0-2: Ball 1-2: Foul Ball, location: 2F 1-2: Ball 2-2: Fielders Choice at 2nd, U6 (Groundball, 6M)
|
Bottom of the 7th over - 1 run, 2 hits, 0 errors, 2 left on base; Detroit 0 - Philadelphia 1776 5 |
TOP OF THE 8TH |
Detroit Renaissance batting - Pitching for Philadelphia 1776 BC : RHP Cory Sanders
|
Batting: RHB Kenneth Noid
|
0-0: Ground out 6-3 (Groundball, 6M)
|
Batting: RHB Juan Cabrera
|
0-0: Called Strike 0-1: Fly out, F6 (Line Drive, 6)
|
Batting: LHB Yoichibei Sato
|
0-0: Called Strike 0-1: Foul Ball, location: 2F 0-2: Strikes out looking
|
Top of the 8th over - 0 runs, 0 hits, 0 errors, 0 left on base; Detroit 0 - Philadelphia 1776 5 |
BOTTOM OF THE 8TH |
Philadelphia 1776 BC batting - Pitching for Detroit Renaissance : LHP Rubén Rodríguez
|
Batting: RHB António Granados
|
0-0: Reached via error on a dropped throw, E3
|
Batting: RHB John Schnatter
|
0-0: Ball 1-0: Ball 2-0: Ball 3-0: Base on Balls António Granados to second
|
Batting: RHB Patrizio Vanali
|
Pickoff Throw to Second - Out! 0-0: Ball 1-0: Ball 2-0: Foul Ball, location: 2F 2-1: Foul Ball, location: 2F 2-2: Ball 3-2: Base on Balls John Schnatter to second
|
Batting: SHB Jesús Cabañe
|
0-0: Ball 1-0: Called Strike 1-1: Ball 2-1: Ground out 6-3 (Groundball, 6MS) John Schnatter to third Patrizio Vanali to second
|
Batting: RHB Fernando Rivera
|
0-0: Ball 1-0: Foul Ball, location: 2F 1-1: Foul Ball, location: 2F 1-2: Hit by Pitch
|
Batting: LHB Tony Vega
|
0-0: Ball 1-0: Swinging Strike 1-1: Ball 2-1: Swinging Strike 2-2: Ball 3-2: Ground out 5-3 (Groundball, 56)
|
Bottom of the 8th over - 0 runs, 0 hits, 1 error, 3 left on base; Detroit 0 - Philadelphia 1776 5 |
TOP OF THE 9TH |
Detroit Renaissance batting - Pitching for Philadelphia 1776 BC : RHP Cory Sanders
|
Batting: LHB Bartolo Benítez
|
0-0: Ball 1-0: Ground out 4-3 (Groundball, 4D)
|
Batting: RHB Cole Shaffer
|
0-0: TRIPLE (Flyball, 9LD)
|
Pitching: RHP Frank Walker
|
|
Batting: LHB Eric Thackston
|
0-0: Ball 1-0: Called Strike 1-1: Ball 2-1: Foul Ball, location: 2F 2-2: 2-RUN HOME RUN (Flyball, 8LXD), Distance : 431 ft
|
Pitching: LHP Raúl Melro
|
|
Batting: RHB António Padilla
|
0-0: Called Strike 0-1: Ball 1-1: Swinging Strike 1-2: Ground out 6-3 (Groundball, 6M)
|
Batting: LHB Ye Der
|
0-0: Swinging Strike 0-1: SOLO HOME RUN (Flyball, 9D), Distance : 369 ft
|
Batting: RHB Thomas Vaughan
|
0-0: Swinging Strike 0-1: Ball 1-1: Foul Ball, location: 2F 1-2: Fly out, F8 (Flyball, 89D)
|
Top of the 9th over - 3 runs, 3 hits, 0 errors, 0 left on base; Detroit 3 - Philadelphia 1776 5 |
|